Workbook
Name Months_in_semester: #REF!

Sheet 1. Portrait de ma situation
A1: ÉTAPE 1 : Situation actuelle
C5: Revenu mensuel
B6: Dépenses | C6: Dépenses fixes (par mois) (Loyer, hypothèque, cell, voiture….)
C7: Dépenses variables (par mois) (épicerie, coiffure, divertissement….)
C8: Dettes (par mois)
C9: Épargnes (par mois) | G9: ®
C10: Jeu (par mois)
C12: Solde après dépenses - profit/(perte) | D12: =D5-D6-D7-D8-D9-D10 -> 0

Sheet 2. Planifier
A1: ÉTAPE 2 : Planification de mon budget mensuel
B4: Revenu (par mois | C4: Montants | D4: Colonne1 | E4: Dettes | F4: Montant total | G4: À payer par mois | H4: Colonne2 | I4: Dépenses fixes (par mois) | J4: Montants | K4: Montants22 | L4: Dépenses Variables (par mois) | M4: Montants | N4: Montants32 | O4: Jeu (par mois) | P4: Montants
B5: Salaire NET (après impots) | E5: Cartes de crédit (Visa, Mastercard, magasins) | I5: Loyer / Hypothèque | L5: Épicerie | O5: Appareils de loteries vidéos (ALV)
B6: Aide sociale | E6: Prêts | I6: Électricité et chauffage | L6: Alcool, tabac, cannabis récréatif | O6: Baccara
B7: Prestation d'assurance-emploi | E7: Gouvernements | I7: Cellulaire / Téléphone | L7: Restaurants ( en personne, à emporter et livraison ) | O7: Bingo
B8: Allocation famille (Québec) | E8: Comptes (Bell, Hydro-Québec, gaz, Vidéotron) | I8: Internet | L8: Dépanneur | O8: Blackjack
B9: Allocation candienne pour enfants (Canada) | E9: Autres dettes | I9: Télévision/Câble | L9: Vêtements | O9: Craps
B10: Pension alimentaire | I10: Assurance habitation | L10: Vacances et voyages | O10: Keno
B11: Régime des rentes du Québec (RRQ) | I11: Frais de copropriété | L11: Journaux, revues, livres | O11: Loteries
B12: Sécurité de la vieillesse (SV) | I12: Taxes scolaires et municipales | L12: Cinéma | O12: Loteries à lots instantanés (gratteux)
B13: Supplément de revenu garanti (SRG) | I13: Fonds d'entretien et de rénovation si propriétaire | L13: Billets pour événements | O13: Machines à sous (MAS)
B14: Crédtit TPS | I14: Paiement d'auto | L14: Équipement sportif et autres activités (Gyms) | O14: Paris sportifs
B15: Crédit de solidarité | I15: Essence | L15: Dons de charité | O15: Poker
B16: Revenus locatifs | I16: Assurance automobile | L16: Cadeaux | O16: Roulette
B17: Revenu conjoint.e | E17: Total dettes | F17: =SUM(F5:F16) -> 0 | G17: =SUM(G5:G16) -> 0 | I17: Stationnement | L17: Nourriture pour animaux | O17: Autres :
B18: Autres : | I18: Transport en commun (métro, autobus) | L18: Vétérinaire
E19: Épargnes | F19: Montant total | G19: À épargner par mois | I19: Services de transport (Taxi, location, bixi, autopartage) / Transport adapté | L19: Frais scolaires | O19: Jeux vidéos /Jeux numériques
E20: Cotisations REER | I20: Permis de conduire et immatriculations | L20: Matériel scolaire | O20: Bourse / Boursicotage
E21: Cotisations CELI | I21: Frais bancaires | L21: Coiffure
E22: Cotisations CELIAPP | I22: Assurance médicale et/ou dentaire | L22: Esthéticienne / manucure
E23: Fonds d'urgence | I23: Assurance invalidité et/ou accident | L23: Spa et soins de beauté
E24: Fonds de roulement | I24: Assurance vie | L24: Épicerie de "pharmacie"
E25: Projet spécial | I25: Frais de garderie | L25: Médicaments
E26: Autres : | I26: Pension alimentaire à payer | L26: Dentiste et optométriste
I27: Abonnement Netflix /Spotify/ Prime…. | L27: Services thérapeutiques (physio, chiro, masso)
I28: Abonnement à des clubs | L28: Entretien automobile, contraventions, etc.
I29: Autres : | L29: Autres :
B33: Revenu mensuel | C33: =SUM(C5:C32) -> 0 | E33: Total épargne | F33: =SUM(F20:F32) -> 0 | G33: =SUM(G20:G32) -> 0 | I33: Total dépenses fixes | J33: =SUM(J5:J32) -> 0 | L33: Total dépenses variables | M33: =SUM(M5:M32) -> 0 | O33: Dépenses jeu | P33: =SUM(P5:P32) -> 0
C34: =SUM(J33,M33) -> 0 | E34: Solde positif | F34: Solde négatif
C35: =C33-G33-J33-M33-P33-G17 -> 0 | E35: =IF(C35>C37,C35,NA()) -> #N/A | F35: =IF(C35<C37,C35,NA()) -> #N/A

Sheet 3, Suivi du budget
A1: ÉTAPE 3 : Suivi du budget
B4: Montants prévus (mensuel) | D4: Dépenses réelles
D5: Janvier | E5: Février | F5: Mars | G5: Avril | H5: Mai | I5: Juin | J5: Juillet | K5: Août | L5: Septembre | M5: Octobre | N5: Novembre | O5: Décembre | P5: TOTAL (annuel)
B6: Revenu | C6: ='2. Planifier'!C33 -> 0 | P6: =SUM(Tableau1[[#This Row],[Colonne3]:[Colonne14]]) -> 0
B7: Dettes | C7: ='2. Planifier'!G17 -> 0 | P7: =SUM(Tableau1[[#This Row],[Colonne3]:[Colonne14]]) -> 0
B8: Épargnes | C8: ='2. Planifier'!G33 -> 0 | P8: =SUM(Tableau1[[#This Row],[Colonne3]:[Colonne14]]) -> 0
B9: Dépenses fixes | C9: ='2. Planifier'!J33 -> 0 | P9: =SUM(Tableau1[[#This Row],[Colonne3]:[Colonne14]]) -> 0
B10: Dépenses Variables | C10: ='2. Planifier'!M33 -> 0 | D10: =SUM(D11:D33) -> 0 | E10: =SUM(E11:E33) -> 0 | F10: =SUM(F11:F33) -> 0 | G10: =SUM(G11:G33) -> 0 | H10: =SUM(H11:H33) -> 0 | I10: =SUM(I11:I33) -> 0 | J10: =SUM(J11:J33) -> 0 | K10: =SUM(K11:K33) -> 0 | ... O10: =SUM(O11:O33) -> 0 | P10: =SUM(Tableau1[[#This Row],[Colonne3]:[Colonne14]]) -> 0
B11: Épicerie | C11: ='2. Planifier'!M5 -> 0 | P11: =SUM(Tableau1[[#This Row],[Colonne3]:[Colonne14]]) -> 0
B12: Alcool, tabac, cannabis | C12: ='2. Planifier'!M6 -> 0 | P12: =SUM(Tableau1[[#This Row],[Colonne3]:[Colonne14]]) -> 0
B13: Restaurants ( en personne, à emporter et livraison ) | C13: ='2. Planifier'!M7 -> 0 | P13: =SUM(Tableau1[[#This Row],[Colonne3]:[Colonne14]]) -> 0
B14: Dépanneur | C14: ='2. Planifier'!M8 -> 0 | P14: =SUM(Tableau1[[#This Row],[Colonne3]:[Colonne14]]) -> 0
B15: Vêtements | C15: ='2. Planifier'!M9 -> 0 | P15: =SUM(Tableau1[[#This Row],[Colonne3]:[Colonne14]]) -> 0
B16: Vacances et voyages | C16: ='2. Planifier'!M10 -> 0 | P16: =SUM(Tableau1[[#This Row],[Colonne3]:[Colonne14]]) -> 0
B17: Journaux, revues, livres | C17: ='2. Planifier'!M11 -> 0 | P17: =SUM(Tableau1[[#This Row],[Colonne3]:[Colonne14]]) -> 0
B18: Cinéma | C18: ='2. Planifier'!M12 -> 0 | P18: =SUM(Tableau1[[#This Row],[Colonne3]:[Colonne14]]) -> 0
B19: Billets pour événements | C19: ='2. Planifier'!M13 -> 0 | P19: =SUM(Tableau1[[#This Row],[Colonne3]:[Colonne14]]) -> 0
B20: Équipement sportif et autres activités (Gyms) | C20: ='2. Planifier'!M14 -> 0 | P20: =SUM(Tableau1[[#This Row],[Colonne3]:[Colonne14]]) -> 0
B21: Dons de charité | C21: ='2. Planifier'!M15 -> 0 | P21: =SUM(Tableau1[[#This Row],[Colonne3]:[Colonne14]]) -> 0
B22: Cadeaux | C22: ='2. Planifier'!M16 -> 0 | P22: =SUM(Tableau1[[#This Row],[Colonne3]:[Colonne14]]) -> 0
... B35: Autres : | C35: ='2. Planifier'!M29 -> 0 | P35: =SUM(Tableau1[[#This Row],[Colonne3]:[Colonne14]]) -> 0
C36: ='2. Planifier'!M30 -> 0 | P36: =SUM(Tableau1[[#This Row],[Colonne3]:[Colonne14]]) -> 0
B37: Dépenses Jeu | C37: ='2. Planifier'!P33 -> 0 | D37: =SUM(D38:D53) -> 0 | E37: =SUM(E38:E53) -> 0 | F37: =SUM(F38:F53) -> 0 | G37: =SUM(G38:G53) -> 0 | H37: =SUM(H38:H53) -> 0 | I37: =SUM(I38:I53) -> 0 | J37: =SUM(J38:J53) -> 0 | K37: =SUM(K38:K53) -> 0 | ... O37: =SUM(O38:O53) -> 0 | P37: =SUM(Tableau1[[#This Row],[Colonne3]:[Colonne14]]) -> 0
B38: Appareils de loteries vidéos (ALV) | C38: ='2. Planifier'!P5 -> 0 | P38: =SUM(Tableau1[[#This Row],[Colonne3]:[Colonne14]]) -> 0
B39: Baccara | C39: ='2. Planifier'!P6 -> 0 | P39: =SUM(Tableau1[[#This Row],[Colonne3]:[Colonne14]]) -> 0
B40: Bingo | C40: ='2. Planifier'!P7 -> 0 | P40: =SUM(Tableau1[[#This Row],[Colonne3]:[Colonne14]]) -> 0
B41: Blackjack | C41: ='2. Planifier'!P8 -> 0 | P41: =SUM(Tableau1[[#This Row],[Colonne3]:[Colonne14]]) -> 0
B42: Craps | C42: ='2. Planifier'!P9 -> 0 | P42: =SUM(Tableau1[[#This Row],[Colonne3]:[Colonne14]]) -> 0
B43: Keno | C43: ='2. Planifier'!P10 -> 0 | P43: =SUM(Tableau1[[#This Row],[Colonne3]:[Colonne14]]) -> 0
B44: Loteries | C44: ='2. Planifier'!P11 -> 0 | P44: =SUM(Tableau1[[#This Row],[Colonne3]:[Colonne14]]) -> 0
B45: Loteries à lots instantanés (gratteux) | C45: ='2. Planifier'!P12 -> 0 | P45: =SUM(Tableau1[[#This Row],[Colonne3]:[Colonne14]]) -> 0
B46: Machines à sous (MAS) | C46: ='2. Planifier'!P13 -> 0 | P46: =SUM(Tableau1[[#This Row],[Colonne3]:[Colonne14]]) -> 0
B47: Paris sportifs | C47: ='2. Planifier'!P14 -> 0 | P47: =SUM(Tableau1[[#This Row],[Colonne3]:[Colonne14]]) -> 0
B48: Poker | C48: ='2. Planifier'!P15 -> 0 | P48: =SUM(Tableau1[[#This Row],[Colonne3]:[Colonne14]]) -> 0
B49: Roulette | C49: ='2. Planifier'!P16 -> 0 | P49: =SUM(Tableau1[[#This Row],[Colonne3]:[Colonne14]]) -> 0
B50: Autres : | C50: ='2. Planifier'!P17 -> 0 | P50: =SUM(Tableau1[[#This Row],[Colonne3]:[Colonne14]]) -> 0
C51: ='2. Planifier'!P18 -> 0 | P51: =SUM(Tableau1[[#This Row],[Colonne3]:[Colonne14]]) -> 0
B52: Jeux vidéos / Jeux numériques | C52: ='2. Planifier'!P19 -> 0 | P52: =SUM(Tableau1[[#This Row],[Colonne3]:[Colonne14]]) -> 0
B53: Bourse / Boursicotage | C53: ='2. Planifier'!P20 -> 0 | P53: =SUM(Tableau1[[#This Row],[Colonne3]:[Colonne14]]) -> 0
B54: Solde | C54: =C6-SUM(C7:C10,C37) -> 0 | D54: =D6-SUM(D7:D10,D37) -> 0 | E54: =E6-SUM(E7:E10,E37) -> 0 | F54: =F6-SUM(F7:F10,F37) -> 0 | G54: =G6-SUM(G7:G10,G37) -> 0 | H54: =H6-SUM(H7:H10,H37) -> 0 | I54: =I6-SUM(I7:I10,I37) -> 0 | J54: =J6-SUM(J7:J10,J37) -> 0 | ... O54: =O6-SUM(O7:O10,O37) -> 0 | P54: =SUM(Tableau1[[#This Row],[Colonne3]:[Colonne14]]) -> 0

Sheet Calculation
A1: Income | B1: =#REF! -> #REF!
A2: Expenses | B2: =#REF!+#REF! -> #REF!
A3: Income left | B3: =B1-B2 -> #REF!
A4: Monthly expenses | B4: =#REF! -> #REF!
A5: Semester expenses (per month) | B5: =#REF! -> #REF!
